AoeStats
← Steffels

Arabia

510290947Analyzed
1v1 RM · 10h ago on Sep 30, 2026· 40m 52s· 2 players
Game mode
Random Map
Map size
Tiny (2 player)
Population
200
Speed
Normal
Resources
Standard
Victory
Conquest
Starting age
Dark Age
Ending age
Imperial Age
RankedLock teamsTeams togetherTeam positionsShared explorationLock speedFull tech treeHidden civsTurbo modeCheats
Victory
Defeat
🇹🇼 Burgundians · Taiwan
1041
+16
🇧🇪 Varangians · Belgium
1045
-16
play2009123
4:26 Double-Bit Axe
6:27 Loom
9:23 Feudal Age
10:21 Bow Saw
21:19 Castle Age
20:07 Forging
19:46 Horse Collar
20:19 Scale Barding Armor
23:01 Iron Casting
21:48 Light Cavalry
22:28 Husbandry
27:31 Wheelbarrow
30:01 Hand Cart
30:36 Fletching
32:03 Elite Skirmisher
33:10 Bodkin Arrow
34:10 Padded Archer Armor
36:20 Ballistics
39:02 Imperial Age
37:15 Cavalier
39:23 Paladin
40:26 Leather Archer Armor
40:16 Bracer
41:26 Chain Barding Armor
Steffels
6:28 Loom
9:22 Feudal Age
10:45 Double-Bit Axe
11:27 Horse Collar
15:50 Bloodlines
22:32 Castle Age
20:40 Gold Mining
21:46 Fletching
23:18 Crossbowman
27:05 Scale Mail Armor
27:15 Forging
27:09 Pikeman
27:16 Pikeman
29:28 Bow Saw
29:25 Stone Mining
30:00 Bodkin Arrow
31:36 Wheelbarrow
31:49 Padded Archer Armor
33:44 Arson
33:59 Squires
37:06 Chain Mail Armor
37:26 Iron Casting
37:07 Leather Archer Armor
39:09 Hand Cart
38:39 Town Watch
39:17 Scale Barding Armor
41:05 Husbandry
Connection lost

Rejoining the realm…

Still unreachable

The connection could not be restored.

Session expired

The server has moved on; the page needs a fresh start.